 Dungeon Crawl Stone Soup version 0.19.1-1-g22dce08 (webtiles) character file.

151 Alarkh the Chopper (level 5, -11/45 HPs)
             Began as a Draconian Monk on Jan 3, 2017.
             Mangled by Grinder (15 damage)
             ... on level 3 of the Dungeon.
             The game lasted 00:03:04 (2365 turns).

Alarkh the Chopper (Draconian Monk)                 Turns: 2365, Time: 00:03:05

Health: -11/45     AC:  5    Str: 14    XL:     5   Next: 11%
Magic:  5/5        EV: 13    Int: 11    God:
Gold:   94         SH:  0    Dex: 13    Spells: 0 memorised, 4 levels left

rFire  . . .     SeeInvis .     a - +0 hand axe
rCold  . . .     Gourm    .     (armour unavailable)
rNeg   . . .     Faith    .     (no shield)
rPois  .         Spirit   .     (helmet restricted)
rElec  .         Reflect  .     (no cloak)
rCorr  .         Harm     .     (no gloves)
MR     .....                    (no boots)
Stlth  ++........               (no amulet)
                                (no ring)
                                (no ring)

@: no status effects
A: unfitting armour, cold-blooded, AC +5
a: no special abilities


You were on level 3 of the Dungeon.
You were not hungry.

You visited 1 branch of the dungeon, and saw 3 of its levels.

You collected 94 gold pieces.

Inventory:

Hand Weapons
 a - a +0 hand axe (weapon)
 e - a +1 dagger of protection
Wands
 n - a wand of confusion (14/48)
 p - a wand of enslavement (15/24)
Scrolls
 c - a scroll of fog {unknown}
 d - 3 scrolls of remove curse
 g - a scroll of teleportation {unknown}
 h - a scroll of enchant armour
 j - a scroll of fear {unknown}
 l - a scroll of magic mapping {unknown}
Potions
 k - 2 potions of heal wounds {unknown}
 m - 2 potions of brilliance {unknown}
 q - a potion of curing {unknown}
Comestibles
 b - 2 bread rations
 f - 2 meat rations
 i - 3 chunks of flesh
 o - 4 fruits


   Skills:
 - Level 3.2 Fighting
 + Level 5.8 Axes
 - Level 2.6 Dodging
 - Level 1.7 Stealth


You had 4 spell levels left.
You didn't know any spells.

Dungeon Overview and Level Annotations

Branches:
Dungeon (3/15)

Altars:
Makhleb
Nemelex Xobeh
Uskayaw

Annotations:
D:3 Grinder


Innate Abilities, Weirdness & Mutations

Your plain brown scales are hard. (AC +5)
You cannot fit into any form of body armour.
You are cold-blooded and may be slowed by cold attacks.


Message History

You suddenly lose the ability to move!
Grinder hits you!
You writhe in agony.
You can move again.
Zapping:
n - a wand of confusion {zapped: 3} (will waste charges)
Press: ? - help, Shift-Dir - straight line, f/p - Grinder
Aim: Grinder (moderately wounded, unusually strong, chance to defeat MR: 46%) Grinder resists with some effort.
Evoking this partially-identified wand wasted a few charges.
Grinder hits you!
* * * LOW HITPOINT WARNING * * *
You writhe in agony.
* * * LOW HITPOINT WARNING * * *
Unknown command.
Zapping:
n - a wand of confusion {zapped: 6} (will waste charges)
Press: ? - help, Shift-Dir - straight line, f/p - Grinder
Aim: Grinder (moderately wounded, unusually strong, chance to defeat MR: 46%) Grinder appears confused.
Evoking this partially-identified wand wasted a few charges.
Grinder hits you!
You die...

..............#.............##
..............#...............
..............#........##.....
....###...#...........###.....
### #...#.$.....##### #.....
.....#.......#######.....
.......#.......#........###
..>.....#.......#........# #
........#..@5...#........###
........#....####...........
.........#....# #.......##..
.....## #..<....##.. ......#
#...wo..##..
........##...####....#..
........##... ##....#..
......).##.. #......). ##.
#....####


You could see Grinder (confused).

Vanquished Creatures
  Ijyb (D:2)
  5 adders (D:2)
  A gnoll (D:1)
  2 worms (D:2)
  2 dart slugs (D:2)
  3 leopard geckos
  An orc (D:2)
  4 giant cockroaches
  8 goblins
  4 hobgoblins
  4 jackals (D:2)
  A quokka (D:3)
  A ball python (D:3)
  6 bats
  5 frilled lizards
  7 kobolds
  2 rats
57 creatures vanquished.

Vanquished Creatures (others)
  A kobold (D:2)
1 creature vanquished.

Grand Total: 58 creatures vanquished

Notes
Turn   | Place    | Note
-------+----------+-------------------------------------------
     0 | D:1      | Alarkh the Draconian Monk began the quest for the Orb.
     0 | D:1      | Reached XP level 1. HP: 19/19 MP: 1/1
    69 | D:1      | Reached XP level 2. HP: 20/26 MP: 2/2
   139 | D:1      | Reached skill level 4 in Axes
   577 | D:1      | Reached XP level 3. HP: 23/31 MP: 3/3
  1066 | D:2      | Reached XP level 4. HP: 16/38 MP: 4/4
  1282 | D:2      | Reached skill level 5 in Axes
  1344 | D:2      | Noticed Ijyb
  1379 | D:2      | Killed Ijyb
  1460 | D:2      | Found a sparkling altar of Nemelex Xobeh.
  1975 | D:2      | Reached XP level 5. HP: 39/45 MP: 5/5
  2261 | D:3      | Found a hide-covered altar of Uskayaw.
  2261 | D:3      | Found a burning altar of Makhleb.
  2351 | D:3      | Noticed Grinder
  2362 | D:3      | Paralysed by Grinder for 2 turns
  2365 | D:3      | Mangled by Grinder

Skill      XL: |  1  2  3  4 |
---------------+-------------+-----
Axes           | 4 5 |  5.8
Fighting       | |  3.2
Dodging        | |  2.6
Stealth        | |  1.7

Action                   |  1- 3 |  4- 6 || total
-------------------------+-------+-------++-------
Melee: Hand axe          |   113 |   116 ||   229
       Tailslap          |     7 |    13 ||    20
Evoke: Wand              |       |     3 ||     3
  Use: Scroll            |     1 |     2 ||     3
       Potion            |       |     1 ||     1
 Stab: Sleeping          |       |     1 ||     1
  Eat: Chunk             |     1 |     4 ||     5
Armor: Skin              |    34 |    17 ||    51
Dodge: Dodged            |    88 |    81 ||   169
